Map: Beckett Industries LE

Players

LiquidClem (Clem) - Winner!

  • Race: Terran Terran
  • League: Bronze

Dark

  • Race: Zerg Zerg

Event: TSL 7

VOD

Have the link to the VOD?

Description

Time

  • Played on: June 20, 2021, 12:28 p.m.
  • Length: 10:57

All games in this series

Show
View Real Time Build Order
Export as new Build Order

LiquidClem Terran - Winner!

Build Orders: Reaper Expand, Hellion Banshee 

Get SALT Encoding   

  12  0:00  SCV  
  13  0:12  SCV  
  14  0:17  Supply Depot  
  14  0:24  SCV  
  15  0:39  SCV  
  15  0:40  Barracks  
  16  0:44  Refinery  
  16  0:51  SCV  
  17  1:03  SCV  
  18  1:15  SCV  
  19  1:27  Reaper, Orbital Command  
  20  1:40  Command Center  
  20  1:48  Supply Depot  
  20  1:53  SCV  
  21  2:02  Marine  
  21  2:05  SCV  
  23  2:12  Factory  
  23  2:17  Refinery, SCV  
  23  2:21  Barracks Reactor  
  24  2:29  SCV  
  25  2:41  SCV  
  26  2:54  Orbital Command  
  26  2:55  SCV  
  27  2:59  Starport  
  27  3:07  SCV, Hellion x2  
  27  3:10  Barracks Tech Lab  
  32  3:19  SCV  
  32  3:20  SCV  
  33  3:27  Supply Depot  
  33  3:29  Hellion x2  
  33  3:31  SCV  
  33  3:32  SCV  
  38  3:41  Banshee, Cloaking Field  
  38  3:43  SCV  
  38  3:44  SCV  
  43  3:50  Barracks Tech Lab, Hellion x2  
  47  3:56  Supply Depot  
  47  3:57  SCV  
  47  3:58  SCV  
  49  4:09  SCV, Marine  
  51  4:10  SCV  
  51  4:15  Stimpack  
  52  4:21  Command Center  
  52  4:23  SCV  
  53  4:24  SCV  
  53  4:27  Factory Reactor  
  53  4:28  Banshee  
  57  4:33  Marine, Supply Depot  
  57  4:35  SCV  
  57  4:36  SCV  
  60  4:44  Barracks  
  60  4:47  SCV  
  60  4:48  SCV, Barracks  
  62  4:54  Marine  
  62  4:59  SCV  
  64  5:00  SCV  
  64  5:01  Supply Depot  
  64  5:04  Refinery x2  
  65  5:10  Engineering Bay  
  65  5:11  SCV, Engineering Bay  
  66  5:16  SCV, Marine  
  66  5:21  Starport Reactor  
  62  5:23  SCV  
  62  5:28  SCV  
  60  5:31  Barracks, Siege Tank  
  60  5:32  Barracks  
  61  5:36  SCV  
  61  5:39  Marine x2  
  61  5:40  Marine  
  61  5:41  SCV  
  67  5:44  Marine x2  
  67  5:46  Orbital Command  
  68  5:51  Terran Infantry Armor Level 1  
  68  5:57  Marine x2, Combat Shield  
  70  5:59  Marine  
  70  6:03  Medivac  
  75  6:04  Medivac  
  75  6:07  Bunker  
  75  6:08  Siege Tank  
  77  6:12  Bunker, Marine  
  77  6:14  Marine  
  79  6:19  Barracks Reactor x2  
  79  6:20  Orbital Command, Marine x2  
  79  6:23  Supply Depot  
  81  6:26  Orbital Command  
  81  6:30  SCV x2  
  81  6:32  Terran Infantry Weapons Level 1  
  83  6:33  Marine x2  
  83  6:35  Supply Depot x2  
  85  6:41  Marine  
  85  6:44  Medivac  
  85  6:45  Medivac  
  90  6:48  SCV  
  90  6:51  Siege Tank, Supply Depot  
  90  6:52  SCV, Marine x2  
  97  6:54  Marine  
  97  6:55  Marine  
  97  6:56  SCV  
  97  6:58  Marine x3  
  97  6:59  Marine x2  
  105  7:05  Supply Depot  
  105  7:06  Supply Depot  
  105  7:09  SCV x2  
  105  7:10  Marine  
  105  7:11  Marine  
  105  7:14  Armory  
  105  7:15  SCV  
  110  7:21  SCV, Marine x2  
  110  7:22  Marine  
  114  7:24  SCV  
  114  7:26  Factory  
  114  7:27  Siege Tank  
  114  7:29  Refinery, SCV  
  119  7:33  SCV, Marine x2  
  119  7:34  Marine x2  
  119  7:36  SCV, Marine  
  126  7:39  Marine  
  126  7:41  SCV  
  126  7:43  Supply Depot  
  128  7:46  SCV  
  128  7:50  Marine x3  
  132  7:56  Supply Depot  
  132  7:59  Medivac x2  
  132  8:00  Marine x2  
  132  8:01  SCV, Supply Depot  
  132  8:02  SCV  
  139  8:10  Terran Infantry Armor Level 2, Supply Depot x2  
  139  8:12  Factory Reactor, Marine x2  
  142  8:15  Widow Mine  
  143  8:22  Supply Depot  
  143  8:25  Command Center  
  143  8:28  Marine x2  
  143  8:34  Marine x3  
  143  8:35  Marine  
  147  8:41  Marine  
  147  8:43  Widow Mine  
  147  8:48  Sensor Tower, Supply Depot  
  147  8:49  Supply Depot  
  147  8:50  Marine x3  
  147  8:51  Widow Mine x2  
  147  8:53  Marine, Supply Depot  
  155  8:56  Terran Vehicle And Ship Armor Level 1  
  155  8:57  Marine  
  155  9:00  Marine  
  153  9:05  Marauder, Marine x2  
  153  9:07  Marine  
  153  9:08  Marine  
  159  9:12  Marine  
  159  9:13  Widow Mine  
  159  9:14  Widow Mine  
  164  9:17  Marine x2  
  164  9:19  Widow Mine, Supply Depot  
  164  9:20  Supply Depot  
  164  9:23  Marine x2  
  170  9:25  Liberator x2  
  170  9:28  Marauder  
  170  9:31  Marine  
  179  9:32  Marine x2  
  179  9:34  Marine  
  181  9:40  Widow Mine  
  181  9:44  SCV  
  184  9:49  Widow Mine  
  184  9:52  Barracks x2  
  186  9:53  Barracks  
  186  9:55  Widow Mine, Marine x2  
  186  9:56  Marine  
  191  10:02  Widow Mine, Marine  
  191  10:06  Marine  
  191  10:07  Marine  
  191  10:11  Widow Mine  
  189  10:15  Marauder  
  189  10:17  Widow Mine  
  189  10:20  Medivac  
  189  10:21  Marine  
  194  10:22  Marine  
  194  10:24  Widow Mine  
  194  10:28  Marine  
  182  10:29  Marine  
  182  10:30  Marine  
  182  10:32  Widow Mine  
  156  10:38  Marine x3  
  156  10:39  Marine  
  156  10:42  Barracks Tech Lab x3  
  159  10:44  SCV  
  159  10:45  SCV  
Show
View Real Time Build Order
Export as new Build Order

Dark Zerg 

Build Orders: Pool First 

Get SALT Encoding   

  12  0:00  Drone  
  13  0:12  Overlord  
  13  0:17  Drone  
  14  0:31  Drone x2  
  16  0:38  Drone  
  17  0:45  Extractor  
  17  0:47  Drone  
  17  0:53  Spawning Pool  
  17  0:55  Drone  
  17  1:06  Drone  
  18  1:17  Hatchery  
  17  1:22  Drone  
  18  1:27  Drone  
  19  1:39  Queen  
  21  1:40  Zergling x2  
  21  1:46  Metabolic Boost  
  22  1:54  Overlord  
  22  2:13  Drone x2  
  24  2:19  Queen  
  24  2:22  Drone  
  27  2:29  Queen  
  26  2:31  Zergling x2  
  29  2:37  Drone  
  29  2:43  Drone x2  
  32  2:52  Drone x3  
  35  3:01  Overlord  
  35  3:04  Overlord  
  35  3:19  Overlord x2  
  35  3:20  Drone x2  
  35  3:22  Drone x2  
  35  3:23  Drone  
  40  3:33  Drone  
  40  3:34  Hatchery  
  39  3:36  Drone x2  
  39  3:38  Queen  
  43  3:44  Zergling x4  
  45  3:48  Lair  
  45  3:52  Zergling x4  
  47  3:57  Drone  
  47  4:00  Drone x3  
  47  4:01  Drone  
  52  4:14  Queen  
  52  4:16  Zergling x6  
  57  4:18  Drone x2  
  59  4:24  Spore Crawler  
  59  4:25  Spore Crawler  
  59  4:27  Drone x2  
  59  4:35  Drone x2  
  61  4:40  Extractor  
  61  4:45  Queen  
  60  4:46  Queen  
  60  4:47  Drone x2  
  60  4:48  Drone x4  
  60  4:49  Overseer  
  60  4:51  Spore Crawler  
  68  4:56  Queen  
  69  5:00  Drone x4  
  72  5:10  Nydus Network  
  72  5:11  Zergling x6  
  69  5:24  Zergling x12  
  69  5:25  Zergling x2  
  69  5:27  Zergling x2  
  74  5:32  Overlord  
  74  5:35  Overlord  
  74  5:36  Overlord  
  74  5:38  Overlord  
  74  5:41  Overlord  
  71  5:45  Overlord  
  71  5:50  Queen x3  
  71  5:51  Zergling x2  
  71  5:56  Zergling x8  
  82  5:58  Nydus Canal  
  81  6:08  Zergling x2  
  81  6:15  Drone x9  
  81  6:17  Drone  
  81  6:18  Drone  
  91  6:19  Drone  
  91  6:24  Drone  
  93  6:27  Drone x2  
  93  6:28  Baneling Nest  
  94  6:35  Drone x3  
  97  6:40  Overlord  
  97  6:41  Extractor, Drone  
  97  6:42  Drone, Extractor  
  97  6:46  Overlord  
  97  6:54  Evolution Chamber  
  97  6:55  Evolution Chamber  
  97  6:56  Drone x4  
  97  7:00  Hatchery  
  97  7:01  Drone x2  
  100  7:05  Drone x2  
  101  7:21  Zerg Melee Weapons Level 1, Zerg Ground Armor Level 1  
  101  7:22  Zergling x18  
  110  7:29  Centrifical Hooks  
  110  7:30  Hatchery, Zergling x8  
  110  7:36  Zergling x8  
  117  7:41  Nydus Canal  
  117  7:42  Overlord  
  117  7:48  Zergling x10  
  117  7:49  Baneling x2  
  117  7:50  Baneling x4  
  120  7:58  Zergling x10  
  124  8:07  Zergling x18  
  133  8:17  Overseer  
  133  8:22  Zergling x8  
  137  8:27  Hatchery, Zergling x2  
  137  8:28  Zergling x8  
  139  8:37  Zergling x4  
  139  8:38  Zergling x6  
  143  8:49  Hatchery  
  143  8:54  Overseer, Infestation Pit  
  141  8:56  Baneling x8  
  141  8:57  Overlord  
  139  9:09  Zergling x10  
  143  9:12  Baneling x4  
  143  9:13  Overlord  
  143  9:14  Overlord  
  142  9:17  Zergling x2  
  142  9:18  Zergling x16  
  151  9:26  Baneling x3  
  151  9:34  Zergling x24  
  157  9:45  Overlord  
  157  9:46  Drone x3  
  157  9:48  Drone  
  157  9:50  Drone  
  160  9:55  Drone  
  160  9:57  Zergling x2  
  162  10:01  Drone x2  
  162  10:02  Drone  
  162  10:05  Zergling x6  
  162  10:06  Baneling  
  162  10:07  Baneling x4  
  167  10:08  Zergling x2  
  167  10:09  Baneling x6  
  165  10:14  Zergling x6  
  160  10:25  Zergling x2  
  140  10:32  Zergling x14  
  115  10:35  Zergling x8  
Tags
 
Add a new tag
Caveats
  • Supply blocks, unpowered buildings, or Contaminate may cause inaccurate times.
  • Supply counts are checked every 10 seconds.